 Dungeon Crawl Stone Soup version 0.26-a0-854-gdc81c2f471 (webtiles) character file.

Game seed: 15408612100518381897

263 strifetoe the Sneak (level 5, -1/22 HPs)
             Began as a Felid Transmuter on Nov 24, 2020.
             Was an Initiate of Okawaru.
             Killed from afar by Natasha (15 damage)
             ... with a puff of flame
             ... on level 2 of the Dungeon.
             The game lasted 00:05:40 (4269 turns).

strifetoe the Sneak (Felid Transmuter)              Turns: 4269, Time: 00:05:40

Health: -1/22      AC:  1    Str:  6    XL:     5   Next: 97%
Magic:  8/9        EV: 19    Int: 16    God:    Okawaru [......]
Gold:   163        SH:  0    Dex: 16    Spells: 4/8 levels left
                                        Lives:  0   Deaths: 1

rFire    . . .     SeeInvis +     - Unarmed
rCold    . . .     Faith    .   (shield unavailable)
rNeg     . . .     Spirit   .   (armour unavailable)
rPois    .         Reflect  .   (helmet unavailable)
rElec    .         Harm     .   (cloak unavailable)
rCorr    .         Rampage  .   (gloves unavailable)
MR       .....                  (boots unavailable)
Stlth    +++.......             (no amulet)
HPRegen  0.07/turn              (no ring)
MPRegen  0.11/turn              (no ring)

@: appendages, quick
A: very small, no armour, no weapons or thrown items, stealth, claws 1, fangs 3,
horns 2, see invisible, speed 1, shaggy fur 1, sharp paws
a: End Transformation, Renounce Religion


You were on level 2 of the Dungeon.
You worshipped Okawaru.
Okawaru was noncommittal.
You had grown temporary horns.
You visited 1 branch of the dungeon, and saw 3 of its levels.

You collected 163 gold pieces.

Inventory:

Jewellery
 c - an uncursed ring of protection from fire
Scrolls
 a - 2 scrolls of fog {unknown}
 b - a scroll of blinking {unknown}
 d - 2 scrolls of remove curse {unknown}
 f - 4 scrolls of teleportation {unknown}
 g - a scroll of enchant armour {unknown}
 j - a scroll of immolation {unknown}


   Skills:
 - Level 1.0 Fighting
 - Level 4.0 Dodging
 - Level 5.3 Stealth
 + Level 4.3 Unarmed Combat
 - Level 2.0 Spellcasting
 + Level 4.0 Transmutations


You had 4 spell levels left.
You knew the following spells:

 Your Spells              Type           Power        Failure   Level
a - Beastly Appendage     Tmut           ##....       4%          1
b - Spider Form           Tmut/Pois      #.........   26%         3

Your spell library contained the following spells:

 Spells                   Type           Power        Failure   Level
 Wereblood                Tmut           ##......     6%          2
 Ice Form                 Ice/Tmut       #.......     65%         4
 Blade Hands              Tmut           ##........   73%         5


Dungeon Overview and Level Annotations

Branches:
Dungeon (3/15)

Altars:
Okawaru

Annotations:
D:2 Natasha


Innate Abilities, Weirdness & Mutations

You cannot wear armour.
You are incapable of wielding weapons or throwing items.
Your paws allow you to move quietly. (Stealth)
You have sharp claws.
You have razor-sharp teeth.
You have supernaturally acute eyesight. (SInv)
You cover ground quickly.
You are covered in fur. (AC +1)
Your sharp claws are effective at attacking unaware monsters.
You have a pair of horns on your head.


Message History

You start resting.
Your horns disappear.
You start resting.
HP restored.
You start waiting.
Done waiting.
There is an open door here.
There is an open door here.
There is an open door here.
Natasha, Servant of Life and Death comes into view.
She is carrying a wand of flame (11).
There is an open door here.
Natasha is nearby!
Natasha is nearby!
Casting: Beastly Appendage (safe; 4% risk of failure)
Confirm with . or Enter, or press ? or * to list all spells.
You grow a pair of large bovine horns.
Natasha zaps a wand.
The puff of flame hits you!
Natasha zaps a wand.
The puff of flame hits you!
Ouch! That really hurt!
You die...

*.,*,,*,*##.#.##.#### #.
*,,,,,*,**##.###.# #.
**.,,,,,,* ### #.# #.
*..,**,,* ##'## #.
*...**,,* ##...## ##
*....,,,* ##.....## #
*.....,** ##.......## ##
**#....####.........####.
#.....@.'.........'....
#h...####.........####.
*#.#.** ##.......## ##
**,..** ##.....## #
*,..,,* ##...## # *..,,,*
##'## # *.,,,,* #.# #
**,,,** #.# * **,** ##.##
*


You could see Natasha.

Vanquished Creatures
  Sigmund (D:2)
  Natasha (twice) (D:2)
  5 adders (D:2)
  A shadow imp (D:2)
  A worm (D:2)
  A dart slug (D:1)
  4 leopard geckos (D:1)
  An orc (D:3)
  6 bats
  3 giant cockroaches
  3 goblins (D:1)
  8 hobgoblins
  A quokka (D:2)
  A ball python (D:1)
  3 frilled lizards
  6 kobolds
  10 rats
57 creatures vanquished.

Notes
Turn   | Place    | Note
-------+----------+-------------------------------------------
     0 | D:1      | strifetoe the Felid Transmuter began the quest for the Orb.
     0 | D:1      | Reached XP level 1. HP: 9/9 MP: 4/4
   112 | D:1      | Reached skill level 1 in Stealth
   327 | D:1      | Reached XP level 2. HP: 11/12 MP: 6/6
   356 | D:1      | You fall into a shaft and drop 1 floor!
   428 | D:2      | Reached skill level 2 in Stealth
   879 | D:2      | Reached XP level 3. HP: 13/15 MP: 5/7
   974 | D:2      | Reached skill level 3 in Stealth
  1598 | D:1      | Reached skill level 4 in Stealth
  1655 | D:1      | Reached XP level 4. HP: 17/19 MP: 8/8
  2115 | D:2      | Noticed Sigmund
  2117 | D:2      | Reached skill level 5 in Stealth
  2498 | D:3      | Learned a level 3 spell: Spider Form
  2541 | D:2      | Killed from afar by Sigmund
  2542 | D:2      | Reached XP level 3. HP: 0/15 MP: 7/7
  2820 | D:2      | Found an iron altar of Okawaru.
  2857 | D:2      | Killed Sigmund
  2858 | D:2      | Reached XP level 4. HP: 7/19 MP: 8/8
  2858 | D:2      | Reached XP level 5. HP: 8/22 MP: 9/9
  3228 | D:2      | Noticed Natasha
  3238 | D:2      | Killed Natasha
  3286 | D:2      | Became a worshipper of Warmaster Okawaru
  3530 | D:2      | Found an iron altar of Okawaru.
  3666 | D:2      | Noticed Natasha
  3854 | D:2      | Killed Natasha
  4266 | D:2      | Noticed Natasha
  4269 | D:2      | Killed from afar by Natasha

Illustrated notes

Levels and vault maps discovered:
D:1:      sevenhm_arrival_forest_fort_small_6, layout_basic, serial_glass,
          glass_columns_a, glass_columns_a, minmay_tetromino_o4
D:2:      layout_loops_corners, serial_bayou_pond_d, okawaru_trees_2,
          uniq_natasha, uniq_sigmund
D:3:      minmay_spotlight, layout_basic

Skill      XL: |  1  2  3  4  5 |
---------------+----------------+-----
Dodging        | 3 4 |  4.0
Stealth        | 1 2 4 5 |  5.3
Unarmed Combat | 4 |  4.3
Transmutations | 3 4 |  4.0
Fighting       | |  1.0
Spellcasting   | |  2.0

Action                   |  1- 3 |  4- 6 || total
-------------------------+-------+-------++-------
Melee: Unarmed           |   141 |    49 ||   190
       Headbutt          |    10 |     4 ||    14
       Bite              |     6 |     2 ||     8
       Punch             |     1 |       ||     1
 Cast: Beastly Appendage |    19 |     9 ||    28
  Use: Potion            |     4 |       ||     4
 Stab: Sleeping          |     9 |     6 ||    15
Armor: Skin              |     9 |     2 ||    11
Dodge: Dodged            |   110 |    39 ||   149

Table legend: (Time is in decaauts)
 A = Elapsed time spent in this place.
 B = Non-inter-level travel time spent in this place.
 C = Inter-level travel time spent in this place.
 D = Time resting spent in this place.
 E = Time spent auto-exploring this place.
 F = Levels seen in this place.
 G = Mean time per level.
                   A        B        C        D        E       F      G
               +--------+--------+--------+--------+--------+-----+--------+
         Total |   3909 |   3857 |     52 |   1753 |   1594 |   3 | 1303.0 |
       Dungeon |   3909 |   3857 |     52 |   1753 |   1594 |   3 | 1303.0 |
               +--------+--------+--------+--------+--------+-----+--------+

Top non-repeatable levels by time:
     D:2: 2283 daAuts
     D:1: 1227 daAuts
     D:3: 398 daAuts
